General information
- name: BNet
- type: Ladder team game (AT/RT)
- host: Battle.net
- saver: HERNaNDO
map: FullScaleAssault
- players: 8
- length: 19:33
- speed: Fast
- version: 1.21 W3XP
- replay type: Public
» download(123 KB)
Players
team 1 (winner)

»
Gato- (
pink | 41 APM | 800 actions | 19:32)
2 Archmage
1 Summon Water Elemental
1 Blizzard
» actions
| Assign group hotkey | 39 | |
| Basic commands | 113 | |
| Build / train | 45 | |
| ESC pressed | 7 | |
| Enter build submenu | 26 | |
| Enter hero's abilities submenu | 4 | |
| Right click | 230 | |
| Select / deselect | 285 | |
| Select group hotkey | 24 | |
| Use ability | 27 | |
800 total
» units
» upgrades
| Storm Hammers | 2 | |
| Swords | 3 | |
| Armor | 1 | |
6 total
» buildings
| Farm | 14 | |
| Altar of Kings | 1 | |
| Keep | 1 | |
| Castle | 1 | |
| Lumber Mill | 1 | |
| Gryphon Aviary | 3 | |
| Blacksmith | 1 | |
| Town Hall | 1 | |
23 total
» build order
00:20 Farm
00:34 Altar of Kings
00:57 Farm
02:52 Keep
02:56 Farm
02:58 Farm
03:39 Farm
03:41 Farm
04:20 Farm
05:15 Castle
05:34 Lumber Mill
06:51 Gryphon Aviary
06:53 Gryphon Aviary
07:09 Gryphon Aviary
07:57 Blacksmith
08:42 Farm
08:44 Farm
08:46 Farm
08:48 Farm
10:03 Farm
10:09 Farm
11:07 Town Hall
11:10 Farm
FukAmerica (
orange | 35 APM | 680 actions | 19:32)
2 Blademaster
1 Wind Walk
1 Critical Strike
» actions
| Basic commands | 26 | |
| Build / train | 65 | |
| Enter build submenu | 12 | |
| Enter hero's abilities submenu | 2 | |
| Remove unit from queue | 1 | |
| Right click | 232 | |
| Select / deselect | 307 | |
| Use ability | 35 | |
680 total
» units
» upgrades
| Ranged Weapons | 3 | |
| Armor | 2 | |
| Liquid Fire | 1 | |
| Pillage | 1 | |
| Backpack | 1 | |
8 total
» buildings
| War Mill | 1 | |
| Orc Burrow | 5 | |
| Stronghold | 1 | |
| Altar of Storms | 1 | |
| Fortress | 1 | |
| Voodoo Lounge | 1 | |
| Beastiary | 3 | |
13 total
» build order
00:17 War Mill
00:21 Orc Burrow
02:12 Stronghold
02:30 Orc Burrow
02:51 Altar of Storms
03:25 Orc Burrow
04:19 Orc Burrow
04:33 Fortress
04:39 Voodoo Lounge
05:14 Beastiary
05:17 Beastiary
05:24 Beastiary
06:37 Orc Burrow
» items
| Orb of Lightning | 1 | |
| Tiny Great Hall | 1 | |
2 total
HERNaNDO (
yellow | 38 APM | 751 actions | 19:33)
4 Blood Mage
2 Flame Strike
2 Siphon Mana
2 Paladin
1 Holy Light
1 Divine Shield
» actions
| Assign group hotkey | 1 | |
| Build / train | 88 | |
| Enter build submenu | 56 | |
| Enter hero's abilities submenu | 6 | |
| Give item / drop item | 1 | |
| Right click | 233 | |
| Select / deselect | 269 | |
| Select group hotkey | 5 | |
| Use ability | 92 | |
751 total
» units
| Peasant | 24 | |
| Dragonhawk Rider | 6 | |
| Goblin Zeppelin | 1 | |
31 total
» upgrades
| Masonry | 2 | |
| Magic Sentry | 1 | |
| Lumber Harvesting | 1 | |
4 total
» buildings
| Lumber Mill | 1 | |
| Farm | 7 | |
| Scout Tower | 54 | |
| Arcane Tower | 1 | |
| Guard Tower | 40 | |
| Altar of Kings | 1 | |
| Keep | 1 | |
| Town Hall | 1 | |
| Arcane Vault | 1 | |
| Gryphon Aviary | 2 | |
| Arcane Sanctum | 1 | |
| Blacksmith | 1 | |
| Castle | 1 | |
112 total
» build order
00:14 Lumber Mill
00:20 Farm
01:33 Farm
01:44 Scout Tower
01:47 Scout Tower
01:49 Scout Tower
01:59 Scout Tower
02:00 Scout Tower
02:13 Arcane Tower
02:28 Guard Tower
02:30 Scout Tower
02:46 Guard Tower
02:54 Scout Tower
03:03 Guard Tower
03:18 Scout Tower
03:21 Scout Tower
03:28 Scout Tower
03:30 Scout Tower
03:32 Scout Tower
03:33 Scout Tower
03:41 Farm
03:45 Guard Tower
03:47 Guard Tower
03:56 Guard Tower
04:01 Scout Tower
04:08 Scout Tower
04:09 Scout Tower
04:11 Guard Tower
04:21 Guard Tower
04:24 Guard Tower
04:35 Guard Tower
04:41 Scout Tower
04:44 Scout Tower
04:46 Scout Tower
04:49 Scout Tower
04:50 Scout Tower
04:57 Guard Tower
05:05 Guard Tower
05:11 Guard Tower
05:18 Guard Tower
05:22 Scout Tower
05:30 Scout Tower
05:30 Scout Tower
05:48 Guard Tower
05:50 Guard Tower
06:00 Altar of Kings
06:07 Guard Tower
06:16 Guard Tower
06:20 Guard Tower
06:20 Guard Tower
06:27 Scout Tower
06:28 Scout Tower
06:54 Scout Tower
06:55 Scout Tower
06:56 Scout Tower
06:57 Scout Tower
07:07 Guard Tower
07:33 Scout Tower
07:34 Scout Tower
07:35 Scout Tower
07:43 Guard Tower
07:48 Guard Tower
07:58 Guard Tower
08:08 Guard Tower
08:41 Keep
08:45 Guard Tower
09:02 Scout Tower
09:03 Scout Tower
09:04 Scout Tower
09:06 Scout Tower
09:09 Scout Tower
09:11 Scout Tower
09:11 Scout Tower
09:15 Scout Tower
09:30 Farm
09:31 Farm
10:07 Town Hall
10:09 Guard Tower
10:13 Scout Tower
10:14 Scout Tower
10:44 Guard Tower
10:46 Guard Tower
10:48 Guard Tower
11:19 Guard Tower
11:22 Scout Tower
11:24 Guard Tower
11:30 Scout Tower
11:38 Arcane Vault
12:05 Gryphon Aviary
12:08 Arcane Sanctum
12:36 Guard Tower
12:40 Scout Tower
12:42 Scout Tower
12:43 Scout Tower
12:57 Guard Tower
13:00 Guard Tower
13:06 Scout Tower
13:09 Scout Tower
13:15 Scout Tower
14:04 Blacksmith
14:09 Scout Tower
14:11 Scout Tower
14:13 Guard Tower
14:21 Guard Tower
14:26 Guard Tower
14:55 Guard Tower
16:09 Farm
16:10 Farm
16:46 Guard Tower
17:05 Gryphon Aviary
18:42 Scout Tower
18:48 Castle
» items
| Healing Salve | 1 | |
| Staff of Teleportation | 1 | |
2 total
Newb.Bot (
teal | 44 APM | 859 actions | 19:32)
5 Blademaster
3 Wind Walk
2 Critical Strike
5 Shadow Hunter
3 Hex
2 Healing Wave
» actions
| Assign group hotkey | 15 | |
| Build / train | 47 | |
| Enter build submenu | 13 | |
| Enter hero's abilities submenu | 11 | |
| Right click | 430 | |
| Select / deselect | 226 | |
| Select group hotkey | 70 | |
| Use ability | 47 | |
859 total
» units
| Peon | 10 | |
| Wind Rider | 11 | |
| Blue Dragon | 1 | |
22 total
» upgrades
| Ranged Weapons | 3 | |
| Armor | 2 | |
| Envenomed Spears | 1 | |
6 total
» buildings
| Altar of Storms | 1 | |
| Orc Burrow | 8 | |
| Voodoo Lounge | 1 | |
| Stronghold | 1 | |
| War Mill | 1 | |
| Beastiary | 2 | |
| Fortress | 1 | |
15 total
» build order
00:21 Altar of Storms
00:36 Orc Burrow
00:51 Voodoo Lounge
01:41 Orc Burrow
02:45 Stronghold
03:08 War Mill
04:21 Orc Burrow
05:22 Beastiary
05:24 Beastiary
06:19 Orc Burrow
08:42 Orc Burrow
08:58 Fortress
10:46 Orc Burrow
18:24 Orc Burrow
18:26 Orc Burrow
» items
| Healing Salve | 2 | |
| Lesser Clarity Potion | 2 | |
| Scroll of Speed | 1 | |
5 total
team 2 (loser)
Lotus.Relic (
green | 89 APM | 1740 actions | 19:32)
5 Tauren Chieftain
3 Endurance Aura
2 Shockwave
3 Shadow Hunter
2 Healing Wave
1 Hex
1 Paladin
1 Holy Light
» actions
| Assign group hotkey | 24 | |
| Basic commands | 84 | |
| Build / train | 72 | |
| ESC pressed | 6 | |
| Enter build submenu | 20 | |
| Enter hero's abilities submenu | 10 | |
| Give item / drop item | 6 | |
| Right click | 804 | |
| Select / deselect | 259 | |
| Select group hotkey | 389 | |
| Use ability | 66 | |
1740 total
» units
| Peon | 9 | |
| Grunt | 8 | |
| Raider | 2 | |
| Wind Rider | 1 | |
| Troll Batrider | 6 | |
| Frost Wyrm | 1 | |
| Gargoyle | 1 | |
28 total
» upgrades
| Armor | 2 | |
| Melee Weapons | 1 | |
| Berserker Strength | 1 | |
| Ensnare | 1 | |
| Reinforced Defenses | 1 | |
| Pillage | 1 | |
7 total
» buildings
| Altar of Storms | 1 | |
| Orc Burrow | 6 | |
| Barracks | 1 | |
| War Mill | 2 | |
| Voodoo Lounge | 1 | |
| Stronghold | 7 | |
| Watch Tower | 5 | |
| Beastiary | 1 | |
| Fortress | 1 | |
| Great Hall | 1 | |
26 total
» build order
00:27 Altar of Storms
00:35 Orc Burrow
01:10 Barracks
01:44 War Mill
01:52 Orc Burrow
02:27 Voodoo Lounge
03:24 Stronghold
03:24 Stronghold
03:24 Stronghold
04:00 Orc Burrow
04:53 Watch Tower
05:57 Beastiary
07:20 Fortress
08:02 Orc Burrow
10:19 Great Hall
10:56 Watch Tower
11:55 Orc Burrow
12:14 Watch Tower
14:37 Watch Tower
14:38 Watch Tower
16:19 Orc Burrow
16:41 War Mill
» items
| Healing Salve | 2 | |
| Lesser Clarity Potion | 2 | |
| Scroll of Speed | 2 | |
| Dust of Appearance | 2 | |
| Boots of Speed | 2 | |
| Orb of Lightning | 2 | |
| Potion of Healing | 1 | |
| Periapt of Vitality | 1 | |
| Potion of Lesser Invulnerability | 1 | |
| Scroll of Healing | 1 | |
| Scroll of Protection | 1 | |
17 total
Refler (
purple | 75 APM | 973 actions | 12:56)
3 Mountain King
2 Storm Bolt
1 Bash
1 Paladin
1 Devotion Aura
» actions
| Assign group hotkey | 9 | |
| Build / train | 49 | |
| Enter build submenu | 21 | |
| Enter hero's abilities submenu | 4 | |
| Remove unit from queue | 1 | |
| Right click | 459 | |
| Select / deselect | 191 | |
| Select group hotkey | 200 | |
| Use ability | 39 | |
973 total
» units
» upgrades
» buildings
| Altar of Kings | 1 | |
| Farm | 4 | |
| Barracks | 1 | |
| Scout Tower | 15 | |
| Arcane Vault | 1 | |
| Lumber Mill | 1 | |
| Town Hall | 1 | |
| Guard Tower | 8 | |
| Keep | 1 | |
| Blacksmith | 1 | |
| Gryphon Aviary | 2 | |
36 total
» build order
00:10 Altar of Kings
00:23 Farm
00:27 Barracks
00:46 Farm
01:26 Farm
01:59 Scout Tower
02:00 Scout Tower
02:56 Arcane Vault
03:25 Farm
04:12 Lumber Mill
05:26 Town Hall
05:36 Guard Tower
06:45 Keep
06:47 Scout Tower
06:47 Scout Tower
06:48 Scout Tower
06:53 Blacksmith
07:41 Guard Tower
07:43 Scout Tower
07:45 Scout Tower
07:59 Scout Tower
07:59 Scout Tower
08:01 Scout Tower
08:11 Guard Tower
08:14 Guard Tower
09:09 Guard Tower
09:58 Guard Tower
10:08 Scout Tower
10:09 Scout Tower
11:06 Gryphon Aviary
11:06 Gryphon Aviary
11:27 Guard Tower
11:32 Scout Tower
11:33 Scout Tower
11:34 Scout Tower
12:26 Guard Tower
» items

»
kittykat (
red | 21 APM | 371 actions | 18:00)
3 Lich
1 Frost Nova
2 Frost Armor
» actions
| Build / train | 40 | |
| Enter build submenu | 30 | |
| Enter hero's abilities submenu | 3 | |
| Remove unit from queue | 2 | |
| Right click | 136 | |
| Select / deselect | 124 | |
| Use ability | 36 | |
371 total
» units
| Acolyte | 7 | |
| Ghoul | 7 | |
| Frost Wyrm | 5 | |
19 total
» upgrades
| Creature Attack | 3 | |
| Creature Carapace | 3 | |
| Freezing Breath | 1 | |
7 total
» buildings
| Halls of the Dead | 2 | |
| Ziggurat | 10 | |
| Crypt | 1 | |
| Altar of Darkness | 1 | |
| Nerubian Tower | 1 | |
| Graveyard | 1 | |
| Sacrificial Pit | 1 | |
| Spirit Tower | 4 | |
| Black Citadel | 1 | |
| Boneyard | 4 | |
| Scout Tower | 8 | |
34 total
» build order
00:56 Halls of the Dead
01:02 Ziggurat
01:05 Ziggurat
01:11 Crypt
01:42 Altar of Darkness
02:31 Nerubian Tower
03:14 Ziggurat
03:38 Graveyard
04:00 Halls of the Dead
06:12 Ziggurat
06:25 Sacrificial Pit
07:17 Spirit Tower
07:33 Black Citadel
07:37 Spirit Tower
07:42 Ziggurat
09:26 Spirit Tower
09:31 Ziggurat
09:33 Ziggurat
09:34 Ziggurat
09:36 Ziggurat
09:39 Ziggurat
09:56 Boneyard
09:59 Boneyard
10:03 Boneyard
10:08 Boneyard
10:35 Spirit Tower
14:09 Scout Tower
14:11 Scout Tower
14:12 Scout Tower
14:14 Scout Tower
14:21 Scout Tower
14:24 Scout Tower
14:28 Scout Tower
14:34 Scout Tower

»
springbreakwooo (
blue | 42 APM | 533 actions | 12:43)
3 Priestess of the Moon
2 Trueshot Aura
1 Searing Arrows
» actions
| Basic commands | 3 | |
| Build / train | 51 | |
| Enter build submenu | 14 | |
| Enter hero's abilities submenu | 3 | |
| Give item / drop item | 3 | |
| Remove unit from queue | 2 | |
| Right click | 234 | |
| Select / deselect | 201 | |
| Use ability | 21 | |
533 total
» units
| Wisp | 15 | |
| Archer | 13 | |
| Huntress | 7 | |
| Goblin Shredder | 1 | |
36 total
» upgrades
| Improved Bows | 1 | |
| Strength of the Moon | 2 | |
| Moon Armor | 1 | |
4 total
» buildings
| Ancient of War | 4 | |
| Moon Well | 4 | |
| Altar of Elders | 1 | |
| Hunter's Hall | 1 | |
| Ancient Protector | 1 | |
| Tree of Ages | 2 | |
13 total
» build order
00:10 Ancient of War
00:12 Moon Well
00:46 Moon Well
01:32 Moon Well
02:02 Altar of Elders
03:06 Moon Well
03:40 Hunter's Hall
05:22 Ancient Protector
06:06 Tree of Ages
06:06 Tree of Ages
09:09 Ancient of War
09:11 Ancient of War
09:12 Ancient of War
» items
Chat log
(00:01 / Allies) HERNaNDO: lol hey
(00:25 / Allies) Gato-: why i keep randoming hu
(00:31 / Allies) Gato-: like 10th game in a row
(00:33 / Allies) Gato-: im serious
(00:47 / Allies) HERNaNDO: no clue mate
(00:50 / Allies) Gato-: himm 2orc 2hu
(00:52 / Allies) Gato-: hmmm
(01:14 / Allies) Newb.Bot: Im harassing
(01:33 / Allies) Newb.Bot: even though this is a big map
(02:05 / Allies) Newb.Bot: ?
(02:25 / Allies) Newb.Bot: ?
(03:53 / Allies) Gato-: wtf r u doing yellow
(04:02 / Allies) HERNaNDO: chill
(04:12 / Allies) Gato-: anybody wanna get me an expo
(04:13 / Allies) Gato-: ?
(04:18 / Allies) Gato-: ima go fucking starcraft lol
(04:22 / Allies) HERNaNDO: lol
(04:23 / All) FukAmerica: i need condom
(04:30 / All) FukAmerica: to use on your mom and ur sisters
(04:50 / All) springbreakwooo: dont steal my gfs oj
(04:54 / Allies) FukAmerica: should i go bats?
(04:58 / Allies) HERNaNDO: sure
(05:02 / Allies) FukAmerica: or shaman
(05:04 / Allies) FukAmerica: docs?
(05:07 / Allies) HERNaNDO: bats imo
(05:33 / Allies) Newb.Bot: noob
(05:43 / Allies) HERNaNDO: lol
(05:44 / All) FukAmerica: pur noob?
(05:47 / Allies) Newb.Bot: yes
(06:11 / Allies) FukAmerica: mass raidars or bats?
(06:22 / Allies) Newb.Bot: im getting wyvvs
(07:33 / All) FukAmerica: haha pur
(07:35 / All) FukAmerica: Nice built
(07:36 / All) FukAmerica: in front
(08:01 / Allies) Gato-: LUMBER PLZ
(08:02 / Allies) Newb.Bot: yellow
(08:03 / Allies) Newb.Bot: wtf..
(08:06 / Allies) HERNaNDO: chill
(08:25 / All) FukAmerica: gold me
(08:26 / All) FukAmerica: if u can
(08:28 / All) FukAmerica: haha
(08:44 / All) kittykat: ill try oj
(08:56 / All) FukAmerica: give me some condoms too
(09:37 / Allies) Gato-: mad base rapage?
(09:38 / Allies) Gato-: lol
(09:45 / Allies) Gato-: yellow
(09:49 / Allies) Gato-: r u upgrading building life
(09:52 / Allies) Gato-: at ur lumber mill?
(09:55 / Allies) HERNaNDO: ya
(09:58 / Allies) Gato-: :)
(10:19 / Allies) FukAmerica: watch me
(10:20 / Allies) FukAmerica: back stap
(10:23 / Allies) Gato-: why do u need an expo yellow
(10:24 / Allies) Gato-: lo
(10:38 / Allies) HERNaNDO: towers aint cheap
(10:48 / All) FukAmerica: ready?
(10:56 / Allies) HERNaNDO: hahah
(10:59 / Allies) HERNaNDO: nice!
(11:38 / Allies) Newb.Bot: haha
(11:39 / Allies) Newb.Bot: lol
(11:41 / Allies) Newb.Bot: nice
(11:42 / Allies) HERNaNDO: lol
(11:50 / Allies) HERNaNDO: he sends footmen
(11:51 / Allies) Newb.Bot: brt
(11:58 / Allies) Gato-: lol
(12:06 / All) FukAmerica: nice try
(12:25 / All) Newb.Bot: blue
(12:28 / All) Newb.Bot: where's ur hall
(12:32 / All) FukAmerica: haha
(12:52 / All) HERNaNDO: that dude left to party
(13:06 / All) Lotus.Relic: well you got it off
(13:12 / All) Lotus.Relic: but they didnt know what to do
(13:19 / Allies) FukAmerica: free blood
(13:37 / All) Gato-: such a bs strat lol
(13:39 / All) Gato-: works
(13:47 / Allies) Newb.Bot: lol
(13:54 / All) Newb.Bot: i screwed red and blue at the same time
(13:56 / All) Newb.Bot: FELT GOOD
(13:58 / All) Newb.Bot: xd
(14:01 / All) Newb.Bot: XD
(14:24 / All) Newb.Bot: te doy berga f00
(14:27 / All) Newb.Bot: 66
(14:32 / All) Newb.Bot: ^^
(14:35 / All) Newb.Bot: 69
(14:37 / Allies) Gato-: ;LOL
(14:41 / Allies) HERNaNDO: hahah
(15:04 / All) Newb.Bot: gg
(15:05 / All) Newb.Bot: leave
(15:13 / All) Newb.Bot: you all lost except for me oj pink n yella
(15:23 / All) Gato-: wow
(15:36 / Allies) HERNaNDO: who needs gold
(15:51 / Allies) Newb.Bot: mr
(15:53 / Allies) Newb.Bot: mmme
(16:07 / All) Gato-: boo hoo
(16:27 / Allies) Gato-: scout tower lol
(16:38 / Allies) Newb.Bot: AHHAAHAHA
(16:39 / Allies) Newb.Bot: Lol
(16:46 / Allies) Newb.Bot: they got mass frosts.
(16:53 / Allies) HERNaNDO: im going mass dragonhawk
(16:54 / Allies) Gato-: lol
(17:17 / Allies) Gato-: yellow upgrade building health more
(17:23 / Allies) Gato-: :P
(17:27 / Allies) HERNaNDO: ya it just finished upgrading
(17:45 / Allies) Gato-: TP
(17:46 / Allies) Gato-: ME
(17:49 / Allies) Gato-: OR NOT
(17:50 / Allies) Gato-: LOL
(18:07 / All) Newb.Bot: gg green
(18:08 / All) Newb.Bot: LEAVE
(18:11 / All) Newb.Bot: NOW!
(18:16 / All) Gato-: gg
(18:21 / All) FukAmerica: i bomb him
(18:22 / All) FukAmerica: haha
(18:23 / All) FukAmerica: bats
(18:34 / Allies) Newb.Bot: i got big daddy
(18:38 / All) Gato-: lol
(19:22 / All) FukAmerica: they might have a chance to win
(19:25 / All) FukAmerica: becareful
(19:26 / All) FukAmerica: haah
(19:27 / All) Gato-: no lole
(19:28 / All) Gato-: XD
(19:31 / All) Gato-: DON'T GIVE THEM FALSE HOPE!